 Dungeon Crawl Stone Soup version 0.22-a0-785-g6253c82ace (webtiles) character file.

32 Holzbalken the Bolt Thrower (level 3, 0/21 HPs)
             Began as a Kobold Hunter on July 20, 2018.
             Succumbed to an adder's poison
             ... on level 2 of the Dungeon.
             The game lasted 00:03:24 (716 turns).

Holzbalken the Bolt Thrower (Kobold Hunter)          Turns: 716, Time: 00:03:24

Health: 0/21       AC:  3    Str:  9    XL:     3   Next: 45%
Magic:  3/3        EV: 14    Int: 17    God:
Gold:   54         SH:  0    Dex: 16    Spells: 2/2 levels left

rFire    . . .     SeeInvis .   a - +1 hand crossbow
rCold    . . .     Gourm    .   (shield restricted)
rNeg     . . .     Faith    .   c - +0 leather armour
rPois    .         Spirit   .   (no helmet)
rElec    .         Reflect  .   (no cloak)
rCorr    .         Harm     .   (no gloves)
MR       .....                  (no boots)
Stlth    ++........             (no amulet)
HPRegen  0.07/turn              (no ring)
MPRegen  0.08/turn              (no ring)

@: brilliant, lethally poisoned (0 -> -9), flying
A: small, carnivore
a: no special abilities


You were on level 2 of the Dungeon.
You were very full.

You visited 1 branch of the dungeon, and saw 2 of its levels.

You collected 54 gold pieces.

Inventory:

Hand Weapons
 a - a +1 hand crossbow (weapon)
 b - a +0 short sword
Missiles
 d - 22 bolts (quivered)
Armour
 c - a +0 leather armour (worn)
Scrolls
 g - 2 scrolls of blinking {unknown}
 h - a scroll of enchant armour {unknown}
Potions
 j - a potion of haste
Comestibles
 f - 2 rations
 i - 3 chunks of flesh


   Skills:
 - Level 2.1 Fighting
 + Level 6.1 Crossbows
 - Level 2.4 Dodging
 - Level 1.3 Stealth


You had 2 spell levels left.
You didn't know any spells.
Your spell library was empty.

Dungeon Overview and Level Annotations

Branches:
Dungeon (2/15)

Altars:


Innate Abilities, Weirdness & Mutations

You are small and have problems with some larger weapons.
You are carnivorous and can eat meat at any time.


Message History

Your Crossbows skill increases to level 6!
* * * LOW HITPOINT WARNING * * *
You feel sick.
It was a potion of haste.
You feel yourself speed up.
* * * LOW HITPOINT WARNING * * *
You feel sick.
It was a potion of cancellation.
Your magical effects are unravelling.
You feel magically purged.
You feel yourself slow down.
* * * LOW HITPOINT WARNING * * *
You feel sick.
It was a potion of flight.
You feel very buoyant.
You fly up into the air.
It was a potion of brilliance.
You feel clever all of a sudden.
* * * LOW HITPOINT WARNING * * *
You feel sick.
You die...

g. .. #.. ### ...
..# #.# #.#
##.####.#
#####....##.#
........(#@#
.#.#.....)(#
#.......(#
##......(#
##....#.#######
#.#...#(.....l.
#.##......#####.
#.# #....(..#
..................


There were no monsters in sight!

Vanquished Creatures
  An adder (D:2)
  A worm (D:2)
  5 bats
  A giant cockroach (D:1)
  3 goblins
  3 hobgoblins (D:1)
  2 jackals (D:1)
  3 frilled lizards
  A kobold (D:1)
  2 rats (D:1)
22 creatures vanquished.

Notes
Turn   | Place    | Note
-------+----------+-------------------------------------------
     0 | D:1      | Holzbalken the Kobold Hunter began the quest for the Orb.
     0 | D:1      | Reached XP level 1. HP: 12/12 MP: 1/1
    76 | D:1      | Reached skill level 5 in Crossbows
   135 | D:1      | Reached XP level 2. HP: 17/17 MP: 2/2
   667 | D:2      | Reached XP level 3. HP: 21/21 MP: 3/3
   711 | D:2      | Reached skill level 6 in Crossbows
   715 | D:2      | HP: 1/21 [poisoned by an adder]
   716 | D:2      | Succumbed to an adder's poison

Vault maps used:
D:1:      saegor_arrival_simple_c
D:2:      nicolae_ru_great_annihilating_truth

Skill      XL: |  1  2  3 |
---------------+----------+-----
Crossbows      | 5 6 |  6.1
Fighting       | |  2.1
Dodging        | |  2.4
Stealth        | |  1.3

Action                   || total
-------------------------++-------
 Fire: Hand crossbow     ||    46
  Use: Potion            ||     4
  Eat: Chunk             ||     7
Armor: Leather armour    ||     5
Dodge: Dodged            ||    19

Table legend:
 A = Spawn XP
 B = Non-spawn XP
 C = Spawn XP percentage of total XP
 D = Spawn monster count
 E = Non-spawn monster count
 F = Spawn count percentage of total count
 G = Total turns spent on level
                    A         B        C        D         E        F      G
               +---------+---------+-------+---------+---------+-------+---------
         Total |       0 |      47 |   0.0 |       0 |      22 |   0.0 |   716
               +---------+---------+-------+---------+---------+-------+---------
           D:1 |       0 |      25 |   0.0 |       0 |      17 |   0.0 |   656
           D:2 |       0 |      22 |   0.0 |       0 |       5 |   0.0 |    60
               +---------+---------+-------+---------+---------+-------+---------
